 Dungeon Crawl Stone Soup version 0.27-a0-760-gc38aae387d (webtiles) character file.

Game seed: 907846502765229623

17227 tilp the Thaumaturge (level 12, 0/86 HPs)
             Began as a Djinni Venom Mage on Mar 25, 2021.
             Was an Elder of Makhleb.
             Slain by an eight-headed hydra (8 damage)
             ... on level 1 of the Lair of Beasts.
             The game lasted 00:42:03 (15110 turns).

tilp the Thaumaturge (Djinni Venom Mage)           Turns: 15110, Time: 00:42:04

Health: 0/86       AC:  9    Str:  7    XL:     12   Next: 45%
Gold:   787        EV: 18    Int: 21    God:    Makhleb [****..] SH:  5 Dex: 15

rFire    + + +     SeeInvis .   a - +3 short sword (drain)
rCold    x . .     Faith    .   x - +0 buckler
rNeg     . . .     Spirit   .   I - +1 robe {rF+}
rPois    ∞         Reflect  .   n - +1 helmet
rElec    .         Harm     .   (no cloak)
rCorr    .         Rampage  .   (no gloves)
Will     +....                  (boots unavailable)
Stlth    ++++......             C - amulet of regeneration
HPRegen  1.24/turn              d - +4 ring of evasion
MPRegen  0.00/turn              A - +4 ring of protection

@: flying
A: fire resistance 2, cold vulnerability 1, float, innate caster, hp casting,
extra vitality 1
a: Renounce Religion, Minor Destruction, Lesser Servant of Makhleb, Major
Destruction


You were on level 1 of the Lair of Beasts.
You worshipped Makhleb.
Makhleb was greatly pleased with you.
You visited 3 branches of the dungeon, and saw 13 of its levels.
You also visited: Bailey.

You collected 787 gold pieces.

Inventory:

Hand Weapons
 a - a +3 short sword of draining (weapon)
 b - a +1 dagger of venom
 o - a +1 dagger of speed
Missiles
 c - 26 boomerangs (quivered)
 r - 2 silver boomerangs
 s - 2 throwing nets
 t - a curare-tipped dart
 v - 23 poisoned darts
Armour
 i - a +0 kite shield
 n - a +1 helmet (worn)
 x - a +0 buckler (worn)
 I - a +1 robe of fire resistance (worn)
Jewellery
 d - a +4 ring of evasion (right hand)
 A - a +4 ring of protection (left hand)
 C - an amulet of regeneration (around neck)
 G - a ring of positive energy
Wands
 g - a wand of polymorph (8)
 k - a wand of paralysis (8)
 q - a wand of random effects (40)
 y - a wand of mindburst (17)
 J - a wand of digging (5)
Scrolls
 e - 3 scrolls of enchant weapon
 f - 5 scrolls of teleportation
 w - a scroll of fog
Potions
 h - a potion of brilliance {unknown}
 j - a potion of invisibility
 l - 3 potions of attraction
 m - a potion of haste
 p - 2 potions of resistance
 u - a potion of mutation
 z - 2 potions of curing
 B - 3 potions of might
 D - 2 potions of ambrosia
 E - a potion of heal wounds
 L - 2 potions of cancellation
Miscellaneous
 F - a condenser vane


   Skills:
 + Level 8.0 Fighting
 + Level 6.0 Dodging
 - Level 7.1 Stealth
 - Level 4.0 Shields
 - Level 14.0 Spellcasting
 + Level 4.0 Invocations
 + Level 4.0 Evocations


You had 13 spell levels left.
You knew the following spells:

 Your Spells              Type           Power      Damage    Failure   Level
a - Sting                 Tmut/Pois      100%       1d8       0%          1
b - Poisonous Vapours     Pois/Air       100%       N/A       1%          2
c - Mephitic Cloud        Conj/Pois/Air  65%        N/A       1%          3
d - Ignite Poison         Fire/Tmut/Pois 65%        N/A       1%          3
e - Olgreb's Toxic Radia  Pois           65%        N/A       1%          4
f - Summon Small Mammal   Summ           100%       N/A       0%          1
g - Swiftness             Air            65%        N/A       1%          2
h - Vampiric Draining     Necr           32%        2d10      1%          3
i - Stone Arrow           Conj/Erth      100%       3d13      1%          3
j - Airstrike             Air            32%        N/A       1%          4
Your spell library was empty.

Dungeon Overview and Level Annotations

Branches:
Dungeon (11/15)            Temple (1/1) D:6            Lair (1/6) D:9
    Orc (0/2) D:11         Bailey (visited)

Altars:
Dithmenos
Elyvilon
Hepliaklqana
Kikubaaqudgha
Makhleb
Nemelex Xobeh
Qazlal
Sif Muna
Trog
Vehumet
Xom
Zin

Portals:
Ice
Cave: D:11


Innate Abilities, Weirdness & Mutations

You are immune to poison.
Your flesh is very heat resistant. (rF++)
You are vulnerable to cold. (rC-)
You float through the air rather than walking.
You learn spells naturally, not from books.
Your magical power is your life essence.
You have superior vitality. (+4 HP)


Message History

The eight-headed hydra is moderately wounded.
The stinking cloud engulfs the cane toad but does no damage.
The eight-headed hydra bites you! The eight-headed hydra bites you.
You block the eight-headed hydra's attack.
The eight-headed hydra closely misses you.
The eight-headed hydra bites you.
The eight-headed hydra closely misses you.
The eight-headed hydra bites you.
The eight-headed hydra closely misses you.
Unknown command.
Casting: Mephitic Cloud (safe; 1% risk of failure)
Confirm with . or Enter, or press ? or * to list all spells.
You ignite the poison in your surroundings!
The eight-headed hydra is engulfed in blazing flames.
You block the eight-headed hydra's attack.
The eight-headed hydra barely misses you. x2
The eight-headed hydra completely misses you.
The eight-headed hydra bites you! x2
* * * LOW HITPOINT WARNING * * *
The eight-headed hydra misses you.
You block the eight-headed hydra's attack.
The cane toad is engulfed in blazing flames.
Unknown command.
Unknown command.
Aiming: Mindburst
Press: ? - help, Shift-Dir - straight line, f - eight-headed hydra
Aim: an eight-headed hydra (flame, heavily wounded, chance to affect: 49%)
The eight-headed hydra's mind is blasted!!
The cane toad is engulfed in blazing flames.
The cane toad closely misses you.
The eight-headed hydra is engulfed in blazing flames.
The eight-headed hydra misses you. The eight-headed hydra bites you.
* * * LOW HITPOINT WARNING * * *
You block the eight-headed hydra's attack.
The eight-headed hydra bites you!
* * * LOW HITPOINT WARNING * * *
The eight-headed hydra bites you!
* * * LOW HITPOINT WARNING * * *
The eight-headed hydra bites you!
You die...

...............+##...
.................#...##
...^................#.
..............P..# ..
.P.....P####..#..# .###P
.#..........#.#..#......
.#.....#....+..###§☼....
.......#....#....○○§....
.#..............@D§○....
.#.....#....#....F.°°°..
.#.....#..........○.°☼..
.#.....##..#......§☼☼☼..
........................
....................##.#
#.#..........###.#..# #
###...####+#.# ####.# ..
.#


You could see an eight-headed hydra and a cane toad.

Vanquished Creatures
  Harold (D:7)
  An anaconda (shapeshifter) (D:10)
  A death knight (D:10)
  2 two-headed ogres
  An orc high priest (Bailey)
  A lindwurm (shapeshifter) (D:10)
  A wizard (D:10)
  2 orc knights (Bailey)
  An ugly thing (D:10)
  A cyclops (D:10)
  2 rime drakes (D:11)
  A kobold demonologist (Bailey)
  A troll (D:7)
  Grinder (D:4)
  A slime creature (D:10)
  2 shadows
  A wraith (D:10)
  10 yaks
  2 steam dragons
  Menkaure (D:4)
  7 vampire mosquitoes
  2 acid dragons
  A water moccasin (Lair:1)
  3 ice beasts
  A sky beast (D:8)
  10 orc warriors
  4 black bears
  A necrophage (D:8)
  4 ogres
  3 centaurs
  A phantom (D:5)
  A kobold brigand (D:9)
  5 bullfrogs
  A water moccasin zombie (D:5)
  2 gnoll sergeants (D:9)
  2 wyvern skeletons (D:6)
  A scorpion (D:4)
  3 killer bees (D:8)
  10 wights
  5 howler monkeys
  5 electric eels (Bailey)
  6 centaur zombies
  2 hounds
  2 bullfrog zombies
  An orc priest (D:10)
  2 iguanas
  5 worker ants
  12 orc wizards
  A worker ant zombie (D:5)
  Robin (D:2)
  A howler monkey skeleton (D:7)
  14 gnolls
  6 adders
  2 shadow imps (D:7)
  4 dart slugs
  49 orcs
  4 endoplasms
  4 giant cockroaches
  18 goblins
  18 hobgoblins
  7 jackals
  4 quokkas
  7 ball pythons
  6 bats
  5 frilled lizards
  13 kobolds
  A rat (D:1)
  A spectral hobgoblin (D:5)
  2 butterflies (D:4)
304 creatures vanquished.

Notes
Turn   | Place    | Note
-------+----------+-------------------------------------------
     0 | D:1      | tilp the Djinni Venom Mage began the quest for the Orb.
     0 | D:1      | Reached XP level 1. HP: 15/15 MP: 0/0
   266 | D:1      | Reached skill level 3 in Spellcasting
   311 | D:1      | Reached XP level 2. HP: 17/21 MP: 0/0
  1344 | D:1      | Reached XP level 3. HP: 17/25 MP: 0/0
  1344 | D:1      | Learned a level 1 spell: Summon Small Mammal
  2754 | D:2      | Reached skill level 4 in Spellcasting
  2774 | D:2      | Reached XP level 4. HP: 14/31 MP: 0/0
  3187 | D:2      | Noticed Robin
  3189 | D:2      | Killed Robin
  3685 | D:3      | Reached skill level 1 in Fighting
  4253 | D:4      | Reached XP level 5. HP: 29/37 MP: 0/0
  4253 | D:4      | Learned a level 2 spell: Swiftness
  4417 | D:4      | Noticed Grinder
  4430 | D:4      | Paralysed by Grinder for 2 turns
  4646 | D:4      | Killed Grinder
  4647 | D:4      | Reached skill level 5 in Spellcasting
  4647 | D:4      | Reached XP level 6. HP: 17/43 MP: 0/0
  4888 | D:4      | Found a shimmering altar of Xom.
  5136 | D:4      | Reached XP level 7. HP: 37/49 MP: 0/0
  5136 | D:4      | Learned a level 3 spell: Vampiric Draining
  5474 | D:4      | Noticed Menkaure
  5485 | D:4      | Killed Menkaure
  5486 | D:4      | Reached skill level 6 in Spellcasting
  5976 | D:5      | Entered Level 5 of the Dungeon
  6286 | D:5      | Reached skill level 5 in Stealth
  6423 | D:5      | Reached XP level 8. HP: 34/54 MP: 0/0
  6794 | D:5      | Found a hazy altar of Hepliaklqana.
  7049 | D:5      | Found a glowing silver altar of Zin.
  7057 | D:5      | Found a sparkling altar of Nemelex Xobeh.
  7059 | D:5      | Found a faded altar of an unknown god.
  7061 | D:5      | Found a white marble altar of Elyvilon.
  7845 | D:6      | Reached skill level 1 in Shields
  8079 | D:6      | Reached XP level 9. HP: 40/58 MP: 0/0
  8079 | D:6      | Learned a level 3 spell: Stone Arrow
  8826 | D:6      | Found a staircase to the Ecumenical Temple.
  8833 | D:6      | Reached skill level 7 in Spellcasting
  9212 | Temple   | Entered the Ecumenical Temple
  9218 | Temple   | Became a worshipper of Makhleb the Destroyer
  9281 | D:6      | Found a bloodstained altar of Trog.
  9702 | D:7      | Reached skill level 8 in Spellcasting
 10310 | D:7      | Noticed Harold
 10369 | D:7      | Reached XP level 10. HP: 57/69 MP: 0/0
 10379 | D:7      | Reached skill level 5 in Fighting
 11201 | D:8      | Reached skill level 1 in Invocations
 11202 | D:8      | Reached skill level 1 in Evocations
 11324 | D:8      | Reached * piety under Makhleb
 11358 | D:8      | Found a flagged portal.
 11381 | Bailey   | Entered a bailey
 11713 | Bailey   | Noticed an orc knight
 11721 | Bailey   | Killed an orc knight
 11753 | Bailey   | Noticed an orc knight
 11760 | Bailey   | Killed an orc knight
 11871 | Bailey   | Acquired a manual of Spellcasting
 11887 | Bailey   | Noticed an orc high priest
 11887 | Bailey   | Noticed a kobold demonologist
 11888 | Bailey   | Found an iron altar of Okawaru.
 11892 | Bailey   | Killed a kobold demonologist
 11892 | Bailey   | Killed an orc high priest
 11893 | Bailey   | Reached skill level 5 in Dodging
 11930 | Bailey   | Reached ** piety under Makhleb
 11935 | Bailey   | Reached XP level 11. HP: 78/78 MP: 0/0
 11935 | Bailey   | Learned a level 4 spell: Airstrike
 11967 | Bailey   | Reached skill level 9 in Spellcasting
 13007 | D:9      | Noticed a two-headed ogre
 13018 | D:9      | Killed a two-headed ogre
 13053 | D:9      | Reached *** piety under Makhleb
 13126 | D:9      | Found a shadowy altar of Dithmenos.
 13232 | D:9      | Found a staircase to the Lair.
 13297 | D:10     | Entered Level 10 of the Dungeon
 13346 | D:10     | Reached skill level 10 in Spellcasting
 13408 | D:10     | Noticed a green ugly thing
 13411 | D:10     | Noticed a cyclops
 13426 | D:10     | Noticed a wizard
 13448 | D:10     | Noticed a two-headed ogre
 13458 | D:10     | Killed a two-headed ogre
 13462 | D:10     | Reached skill level 11 in Spellcasting
 13693 | D:10     | Noticed a death knight
 13702 | D:10     | Killed a death knight
 13914 | D:10     | Reached skill level 12 in Spellcasting
 13953 | D:10     | Killed a green ugly thing
 13956 | D:10     | Noticed a shock serpent
 14160 | D:10     | Noticed a lindwurm
 14163 | D:10     | Killed a lindwurm
 14165 | D:10     | Killed a cyclops
 14166 | D:10     | Reached skill level 13 in Spellcasting
 14166 | D:10     | Reached XP level 12. HP: 86/86 MP: 0/0
 14273 | D:10     | Noticed an anaconda
 14273 | D:10     | a water nymph changed into an anaconda
 14276 | D:10     | Killed an anaconda
 14491 | D:11     | Reached **** piety under Makhleb
 14547 | D:11     | Found a frozen archway.
 14652 | D:11     | Found a staircase to the Orcish Mines.
 14890 | D:7      | Killed Harold
 14891 | D:7      | Reached skill level 14 in Spellcasting
 15018 | Lair:1   | Entered Level 1 of the Lair of Beasts
 15100 | Lair:1   | Noticed an eight-headed hydra
 15110 | Lair:1   | Slain by an eight-headed hydra

Illustrated notes

Levels and vault maps discovered:
D:1:      nzn_arrival_water_spiral, layout_basic, hangedman_decor_points,
          feat_on_display
D:2:      layout_basic, uniq_robin
D:3:      layout_rooms, corexii_item_surrounded_by_moat
D:4:      layout_loops_corners, xom_butterflies, uniq_grinder, uniq_menkaure
D:5:      layout_rooms, chequers_temple_overflow_minitemple,
          nicolae_hepliaklqana_monster_ancestors, minmay_misc_feat_alley
D:6:      layout_basic, minmay_temple_entry_steel_oval, trog_ov_bears_minmay
D:7:      layout_cave_pods, uniq_harold
D:8:      layout_loops_cross, enter_bailey_4
D:9:      layout_basic, lair_entry_dummy, basic_altar
D:10:     layout_rooms, minmay_fractal_squares_gapless_7
D:11:     layout_roguey, orc_0_dummy, portal_ice_cave_rime
Temple:   eino_temple_rhombus
Lair:1:   layout_chaotic_city, grunt_megastairs_5, uniq_maggie

Skill      XL: |  1  2  3  4  5  6  7  8  9 10 11 12 |
---------------+-------------------------------------+-----
Spellcasting   | 3 4 5 6 8 13 14 | 14.0
Stealth        | 2 3 5 7 |  7.1
Fighting       | 1 2 4 6 8 |  8.0
Shields        | 2 4 |  4.0
Dodging        | 3 5 6 |  6.0
Invocations    | 4 |  4.0
Evocations     | 4 |  4.0

Action                   |  1- 3 |  4- 6 |  7- 9 | 10-12 || total
-------------------------+-------+-------+-------+-------++-------
Melee: Short sword       |     3 |    25 |    47 |    45 ||   120
 Cast: Sting             |    24 |       |     8 |     1 ||    33
       Poisonous Vapours |    46 |    36 |    50 |    62 ||   194
       Ignite Poison     |     3 |     8 |    36 |    74 ||   121
       Olgreb's Toxic Ra |       |     2 |     6 |    36 ||    44
       Mephitic Cloud    |       |     9 |    30 |    39 ||    78
       Summon Small Mamm |       |       |     3 |       ||     3
       Stone Arrow       |       |       |       |    10 ||    10
       Airstrike         |       |       |       |     5 ||     5
Evoke: Wand              |       |       |       |     1 ||     1
  Use: Scroll            |     1 |     3 |     2 |    20 ||    26
 Stab: Confused          |       |       |     1 |     1 ||     2
       Sleeping          |       |       |     1 |       ||     1
Armor: Robe              |     2 |     3 |     6 |    39 ||    50
Dodge: Dodged            |    10 |    24 |    37 |   106 ||   177
Block: Buckler           |       |       |     1 |    28 ||    29

Table legend: (Time is in decaauts)
 A = Elapsed time spent in this place.
 B = Non-inter-level travel time spent in this place.
 C = Inter-level travel time spent in this place.
 D = Time resting spent in this place.
 E = Time spent auto-exploring this place.
 F = Levels seen in this place.
 G = Mean time per level.
                   A        B        C        D        E       F      G
               +--------+--------+--------+--------+--------+-----+--------+
         Total |  15124 |  14568 |    556 |   4324 |   8239 |  14 | 1080.3 |
       Dungeon |  14265 |  13716 |    549 |   4197 |   8042 |  11 | 1296.8 |
        Temple |     12 |      6 |      6 |      0 |      0 |   1 |   12.0 |
          Lair |     92 |     92 |      0 |      0 |     68 |   1 |   92.0 |
        Bailey |    754 |    754 |      0 |    127 |    129 |   1 |  754.0 |
               +--------+--------+--------+--------+--------+-----+--------+

Top non-repeatable levels by time:
     D:6: 2064 daAuts
     D:1: 1805 daAuts
     D:5: 1635 daAuts
     D:2: 1625 daAuts
     D:4: 1604 daAuts
     D:7: 1586 daAuts
    D:10: 1001 daAuts
     D:3: 943 daAuts
     D:8: 785 daAuts
  Bailey: 754 daAuts
     D:9: 678 daAuts
    D:11: 536 daAuts
  Lair:1: 92 daAuts
  Temple: 12 daAuts
